Map: King's Cove LE

Players

Mez - Winner!

  • Race: Terran Terran
  • League: Master
  • Spawn Location: 11:00

Bananane

  • Race: Terran Terran
  • League: Master
  • Spawn Location: 5:00

VOD

Have the link to the VOD?

Description

Time

  • Played on: Aug. 13, 2019, 11:28 a.m.
  • Length: 19:26
Show
View Real Time Build Order
Export as new Build Order

Mez Terran - Winner!

Build Orders: Cyclone Opening 

Get SALT Encoding   

  12  0:00  SCV  
  13  0:12  SCV  
  14  0:18  Supply Depot  
  14  0:25  SCV  
  15  0:40  SCV, Barracks  
  16  0:45  Refinery  
  16  0:52  SCV  
  16  0:56  Refinery  
  17  1:06  SCV  
  18  1:18  SCV  
  19  1:28  Reaper  
  19  1:31  Orbital Command  
  20  1:44  Factory  
  20  1:53  Supply Depot  
  20  1:57  SCV  
  20  2:00  Reaper  
  22  2:09  SCV  
  23  2:22  SCV  
  24  2:28  Factory Tech Lab  
  24  2:33  Command Center  
  24  2:34  SCV  
  24  2:35  Barracks Reactor  
  25  2:46  SCV  
  25  2:47  Cyclone  
  29  2:56  Supply Depot  
  29  2:58  SCV  
  30  3:10  SCV  
  31  3:15  Starport  
  31  3:18  Marine x2  
  33  3:22  Cyclone  
  33  3:27  SCV  
  37  3:44  Marine x2  
  37  3:48  Orbital Command  
  37  3:52  Bunker  
  37  3:54  Siege Tank  
  40  4:00  Viking  
  42  4:10  SCV  
  42  4:11  Marine x2  
  42  4:16  SCV  
  46  4:22  SCV  
  42  4:33  Starport Tech Lab  
  42  4:43  SCV x2  
  44  4:56  Siege Tank  
  44  4:58  Marine x2  
  49  5:00  Raven  
  49  5:01  SCV x2  
  49  5:02  Command Center  
  53  5:08  Barracks  
  53  5:09  Barracks  
  53  5:13  Refinery, SCV  
  54  5:20  Engineering Bay  
  54  5:23  Engineering Bay, Supply Depot  
  54  5:25  SCV  
  54  5:26  Refinery  
  55  5:32  SCV  
  56  5:37  SCV  
  57  5:48  Marine x2  
  57  5:49  Raven  
  61  5:54  SCV x2  
  63  5:58  Barracks Reactor x2  
  63  6:02  Supply Depot  
  63  6:03  Supply Depot  
  63  6:06  SCV x2  
  63  6:10  Siege Tank  
  68  6:17  Orbital Command  
  68  6:18  SCV  
  57  6:53  Marine x4  
  60  6:57  Orbital Command  
  60  6:58  Terran Infantry Armor Level 1, Terran Infantry Weapons Level 1  
  58  7:01  SCV x2  
  58  7:03  Barracks  
  58  7:04  Viking  
  58  7:05  Viking, Supply Depot  
  58  7:06  Barracks  
  58  7:07  Supply Depot  
  64  7:11  Stimpack  
  64  7:15  Marine x5  
  69  7:27  SCV  
  69  7:29  SCV  
  71  7:33  Marine x5  
  76  7:40  SCV x2  
  76  7:41  SCV  
  79  7:50  Marine x2  
  81  7:52  SCV x2, Marine x2  
  81  7:53  Barracks Reactor, SCV  
  81  7:54  Barracks Reactor  
  86  8:03  Supply Depot  
  86  8:04  SCV x2  
  88  8:05  SCV, Supply Depot  
  88  8:09  Siege Tank, Armory  
  92  8:13  Marine x5  
  92  8:19  SCV x3  
  100  8:28  Refinery, Medivac x2  
  100  8:29  Marine  
  100  8:30  Marine x2  
  100  8:31  SCV, Marine x2  
  100  8:32  Marine x3  
  114  8:34  SCV  
  114  8:39  Supply Depot  
  114  8:47  Missile Turret  
  114  8:51  Supply Depot  
  114  8:54  Missile Turret, SCV x2  
  116  8:56  Marine x5  
  116  8:57  Marine x4  
  116  8:58  Siege Tank  
  116  9:00  Terran Infantry Weapons Level 2  
  128  9:07  Terran Infantry Armor Level 2, Supply Depot  
  128  9:14  Marine  
  129  9:20  Marine x7  
  136  9:25  Missile Turret x2  
  136  9:30  Siege Tank  
  139  9:31  Command Center  
  139  9:34  SCV  
  139  9:35  SCV x2  
  139  9:36  Factory  
  142  9:42  Refinery  
  142  9:43  Missile Turret  
  142  9:45  Supply Depot x2  
  142  9:48  Terran Vehicle Weapons Level 1  
  142  9:50  Marine x3  
  145  9:54  Medivac x2  
  149  10:02  Siege Tank  
  152  10:11  Command Center  
  152  10:13  Marine x6  
  158  10:16  Supply Depot  
  158  10:26  Marine x3  
  161  10:28  Factory Tech Lab  
  161  10:31  Starport x2  
  161  10:34  Medivac x2  
  165  10:45  Supply Depot  
  165  10:46  Supply Depot  
  165  10:55  Supply Depot  
  165  10:57  Supply Depot  
  165  11:05  Siege Tank x2  
  165  11:08  Planetary Fortress  
  165  11:11  SCV x2  
  173  11:19  Viking x2  
  173  11:20  Refinery  
  173  11:21  Refinery, Starport Tech Lab  
  173  11:24  Starport Reactor  
  173  11:25  Orbital Command  
  177  11:30  Terran Infantry Armor Level 3, Terran Infantry Weapons Level 3, Fusion Core  
  177  11:42  Terran Ship Weapons Level 1  
  177  11:48  Viking x2  
  177  11:49  Viking  
  183  12:07  Siege Tank x2  
  187  12:10  Viking x2  
  191  12:18  Viking  
  188  12:32  Viking x2  
  186  12:50  Liberator  
  161  12:58  Marine x8  
  139  13:04  Siege Tank x2  
  139  13:05  Viking x4  
  163  13:26  Marine x9  
  171  13:28  Orbital Command  
  166  13:35  Viking x2  
  166  13:36  Siege Tank x2  
  166  13:39  Command Center  
  173  13:41  Liberator x2  
  173  13:43  Marine  
  173  13:44  Marine x5  
  177  13:50  Barracks x2  
  177  13:53  Barracks  
  170  13:57  Marine x2  
  170  13:59  Viking  
  170  14:01  Advanced Ballistics  
  177  14:03  SCV x3  
  177  14:04  Viking  
  177  14:05  Viking  
  184  14:13  Refinery  
  184  14:22  Refinery  
  184  14:32  Siege Tank x2, Marine x9  
  199  14:39  Marine  
  196  14:56  Liberator x4  
  147  15:04  Siege Tank x2  
  147  15:06  Marine x4  
  161  15:08  Barracks Reactor x3  
  169  15:36  Siege Tank x2  
  169  15:40  Marine x9  
  181  15:49  Liberator x2  
  181  15:57  Marine  
  181  15:58  Marine x6  
  188  16:07  Marine x6  
  200  16:20  Liberator x3  
  178  16:42  Marine  
  178  16:43  Marine x14  
  183  16:58  Siege Tank x2, Medivac x2  
  183  17:00  Marine x5  
  183  17:01  Marine x2  
  193  17:12  Command Center  
  187  17:20  Medivac  
  183  17:25  Marine x15  
  195  17:30  Siege Tank  
  196  17:37  Siege Tank  
  196  17:42  Marine  
  190  18:04  Marine  
  183  18:09  Marine x2  
  183  18:10  Marine x12  
  183  18:11  Siege Tank  
  200  18:22  Planetary Fortress  
  200  18:32  Orbital Command  
  185  18:45  Marine x3  
  185  18:46  Marine x12  
  190  19:18  Refinery  
  190  19:20  Refinery  
Show
View Real Time Build Order
Export as new Build Order

Bananane Terran 

Build Orders: Gas First Reaper Expand, Hellion Opening 

Get SALT Encoding   

  12  0:00  SCV  
  13  0:12  SCV  
  14  0:18  Supply Depot  
  14  0:24  SCV  
  15  0:29  Refinery  
  15  0:39  SCV  
  16  0:46  Barracks  
  16  0:53  SCV  
  17  1:06  SCV  
  18  1:18  SCV  
  19  1:32  Orbital Command  
  19  1:33  Reaper  
  20  1:46  Command Center  
  20  1:56  Factory  
  20  2:00  SCV  
  21  2:06  Barracks Reactor  
  21  2:12  SCV  
  21  2:14  Supply Depot  
  22  2:19  Refinery  
  22  2:24  SCV  
  23  2:36  SCV  
  24  2:44  Starport  
  25  2:54  Hellion x2, Barracks Tech Lab  
  28  2:59  Orbital Command  
  28  3:15  Hellion x2, Marauder  
  28  3:17  Concussive Shells  
  34  3:23  Medivac  
  36  3:36  Hellion x2  
  38  3:47  SCV  
  39  3:48  SCV  
  40  4:03  Starport Tech Lab  
  40  4:04  SCV  
  40  4:05  SCV  
  40  4:07  Supply Depot  
  42  4:16  SCV, Command Center  
  43  4:17  SCV  
  39  4:29  SCV  
  32  4:33  Marine x2  
  34  4:41  SCV x2  
  36  4:47  Siege Tank  
  36  4:48  Raven  
  41  4:53  Refinery, SCV x2  
  41  4:54  Refinery  
  43  5:05  SCV x2, Marine x2  
  47  5:11  Barracks x2  
  47  5:17  SCV x2  
  49  5:21  Siege Tank  
  52  5:29  SCV x2  
  52  5:31  Raven  
  56  5:35  Orbital Command  
  56  5:41  SCV  
  56  5:42  SCV  
  58  5:48  Marine x2  
  60  5:53  Siege Tank, SCV  
  60  5:54  SCV, Orbital Command  
  65  5:58  Supply Depot  
  65  5:59  Supply Depot  
  65  6:01  Barracks Reactor  
  65  6:06  SCV  
  65  6:07  Marine x2  
  68  6:16  SCV  
  69  6:20  Stimpack, SCV, Marine  
  69  6:23  Starport Reactor  
  69  6:25  Marine x2  
  58  6:49  SCV x2  
  60  6:54  Siege Tank, Marine x2  
  60  6:55  Marine  
  60  6:58  SCV  
  60  7:01  SCV x2  
  69  7:03  Viking x2  
  69  7:08  Engineering Bay  
  73  7:09  Marine x2  
  73  7:10  Engineering Bay, SCV  
  73  7:12  Marine x2  
  73  7:13  SCV x2, Marine  
  81  7:22  SCV  
  82  7:24  Supply Depot  
  82  7:25  SCV x2  
  82  7:26  Supply Depot  
  84  7:34  SCV  
  85  7:45  Viking, Siege Tank, SCV x2  
  85  7:46  Medivac  
  85  7:48  Marine x5, Supply Depot  
  98  7:51  SCV  
  99  7:59  Supply Depot x2  
  99  8:03  Terran Infantry Armor Level 1, Terran Infantry Weapons Level 1  
  99  8:04  Sensor Tower, SCV x2  
  101  8:09  SCV, Marine x5  
  107  8:17  Sensor Tower, SCV x2  
  109  8:21  SCV  
  109  8:22  Siege Tank  
  113  8:27  Marine x4  
  113  8:29  Factory, SCV x2  
  119  8:35  Supply Depot  
  119  8:36  Supply Depot  
  119  8:37  Supply Depot  
  119  8:38  Marine  
  120  8:42  SCV x3  
  120  8:45  Marine  
  124  8:50  Marine  
  125  8:56  SCV x3, Marine x2  
  125  9:01  Command Center  
  130  9:03  Marine x2, Supply Depot  
  130  9:06  Siege Tank  
  130  9:08  SCV x2  
  130  9:09  Medivac x2  
  141  9:12  Factory Tech Lab  
  141  9:17  SCV  
  141  9:20  Refinery  
  141  9:22  Refinery  
  141  9:23  Supply Depot  
  142  9:24  Supply Depot  
  142  9:25  Supply Depot  
  142  9:26  Marine x5  
  147  9:32  Siege Tank  
  147  9:36  Armory  
  153  9:38  Siege Tank  
  153  9:41  SCV x3  
  156  9:53  SCV x3  
  156  9:56  Command Center  
  156  9:57  Marine x5  
  164  10:04  Siege Tank  
  166  10:13  Siege Tank  
  169  10:14  Viking x2  
  169  10:17  Marine x5  
  177  10:31  Barracks x2  
  177  10:36  Siege Tank  
  180  10:45  Viking x2, Sensor Tower, Siege Tank  
  180  10:48  Marine x4  
  180  10:49  Marine  
  192  10:51  Combat Shield  
  192  10:52  Terran Infantry Weapons Level 2  
  192  10:56  Terran Infantry Armor Level 2  
  192  10:59  Orbital Command  
  192  11:00  SCV  
  193  11:06  Marine  
  194  11:13  Command Center  
  194  11:25  Supply Depot  
  194  11:26  Terran Vehicle And Ship Armor Level 1, Supply Depot  
  194  11:30  Armory  
  194  11:33  Barracks Reactor x2  
  194  11:40  Refinery  
  194  11:41  Refinery, Barracks  
  194  11:42  Barracks  
  194  11:46  SCV x2  
  194  11:47  Siege Tank  
  199  12:18  Starport  
  199  12:19  Starport  
  199  12:32  Siege Tank  
  154  12:53  Marine x4, Marauder  
  154  12:54  Marine x4  
  154  12:57  Siege Tank  
  145  12:58  Marine  
  145  12:59  Marine  
  145  13:04  Siege Tank  
  146  13:11  Marine x5  
  147  13:15  Marauder  
  146  13:23  Marine x3  
  146  13:26  Marine x2  
  143  13:28  Marine  
  143  13:29  Marine x3  
  141  13:36  Marauder  
  139  13:43  Marine x2  
  139  13:44  Marine x4  
  139  13:46  Marine  
  140  13:58  Marauder  
  142  14:08  Command Center  
  142  14:12  Command Center  
  142  14:14  Marine x9  
  152  14:19  Marauder  
  154  14:28  Marine  
  152  14:33  Siege Tank  
  152  14:34  Starport Reactor x2  
  155  14:44  Supply Depot  
  155  14:45  Supply Depot  
  155  14:47  Siege Tank  
  105  15:08  Marine  
  105  15:09  Marine x8, Marauder  
  105  15:12  SCV x2  
  115  15:15  Viking  
  115  15:19  Viking  
  119  15:26  Marine x2  
  121  15:30  Marauder  
  118  15:52  Marauder  
  117  15:59  SCV  
  114  16:11  SCV, Orbital Command  
  115  16:12  Orbital Command  
  115  16:13  Orbital Command  
  115  16:14  Marine  
  115  16:15  Marine x9  
  115  16:17  Siege Tank x2, Command Center  
  131  16:23  SCV  
  128  16:32  Marine  
  116  16:33  Marine x4  
  116  16:35  SCV  
  98  16:47  SCV  
  83  16:59  Marine x2  
  83  17:00  Marine x8  
  83  17:01  Siege Tank x2  
  90  17:08  SCV  
  91  17:09  SCV  
  92  17:17  Marine x7  
  92  17:20  SCV, Marine x3  
  92  17:21  SCV  
  103  17:35  Marine x3  
  106  17:41  Marauder  
  107  17:46  Marine x6  
  107  17:49  Siege Tank x2  
  119  17:52  Marine  
  119  17:53  Marine x2  
  106  18:01  Marine  
  106  18:04  Marine x2  
  86  18:07  Marine  
  86  18:08  Marine x3  
  86  18:10  Viking x5, Marine  
  86  18:11  Marine x2  
  102  18:16  SCV  
  102  18:17  SCV  
  101  18:28  SCV  
  101  18:29  SCV  
  100  18:40  SCV, Marine  
  100  18:41  Marine x8  
  108  18:52  Marine  
  109  18:56  Refinery  
  109  18:57  Refinery  
  109  18:58  Marine  
  110  19:09  SCV  
Tags
 
Add a new tag
Caveats
  • Supply blocks, unpowered buildings, or Contaminate may cause inaccurate times.
  • Supply counts are checked every 10 seconds.